AoeStats
← 1847373944

Arena

508178031Analyzed
4v4 RM · 12d ago on Sep 21, 2026· 44m 25s· 8 players
Game mode
Random Map
Map size
Large (8 player)
Population
200
Speed
Normal
Resources
Standard
Victory
Conquest
Starting age
Dark Age
Ending age
Imperial Age
RankedLock teamsTeams togetherTeam positionsShared explorationLock speedFull tech treeHidden civsTurbo modeCheats
Victory
Defeat
🇸🇪 Teutons · Sweden
1139
+12
🇫🇷 Khmer · France
1121
+13
🇳🇿 Italians · New Zealand
1037
+16
🇨🇳 Franks · China
973
+18
🇨🇳 Malians · China
1097
-17
🇻🇳 Franks · Vietnam
1054
-15
🇵🇰 Mongols · Pakistan
1033
-14
🇮🇳 Sicilians · India
985
-13
sehal
10:10 Feudal Age
15:26 Castle Age
13:47 Loom
14:36 Double-Bit Axe
14:33 Horse Collar
14:55 Stone Mining
20:59 Gold Mining
22:41 Gold Shaft Mining
22:00 Fletching
22:11 Padded Archer Armor
25:09 Bodkin Arrow
25:30 Leather Archer Armor
27:51 Leather Archer Armor
27:59 Bow Saw
28:30 Wheelbarrow
32:47 Imperial Age
32:29 Ballistics
32:19 Husbandry
32:33 Thumb Ring
32:42 Fortified Wall
32:28 Murder Holes
34:35 Chemistry
34:53 Parthian Tactics
34:17 Elite Mangudai
35:18 Conscription
37:56 Gold Shaft Mining
37:02 Light Cavalry
37:53 Bloodlines
38:09 Hussar
40:36 Scale Barding Armor
40:42 Forging
40:32 Bracer
1847373944
11:49 Feudal Age
18:41 Castle Age
17:45 Bloodlines
18:10 Loom
18:43 Bloodlines
19:09 Forging
19:04 Scale Barding Armor
Aryan_lohiaa__
3:46 Loom
12:09 Feudal Age
16:36 Castle Age
15:15 Wheelbarrow
14:50 Double-Bit Axe
14:47 Horse Collar
15:02 Gold Mining
17:22 Scale Mail Armor
17:33 Forging
18:07 Bow Saw
19:46 Heavy Plow
20:02 Stone Mining
21:02 Loom
27:17 Pikeman
28:46 Squires
28:32 Arson
35:29 Imperial Age
33:15 Hand Cart
32:45 Town Watch
36:43 Stone Shaft Mining
36:44 Gold Shaft Mining
37:01 Chain Mail Armor
36:56 Forging
36:37 Fletching
36:48 Padded Archer Armor
36:38 Fletching
37:55 Crop Rotation
37:18 Elite Serjeant
38:05 Hauberk
38:28 First Crusade
38:30 Conscription
39:00 Plate Mail Armor
37:55 Elite Skirmisher
41:51 Halberdier
Vĩnh Nguyễn HCMCity
11:26 Feudal Age
15:20 Castle Age
13:57 Double-Bit Axe
15:21 Loom
18:43 Bow Saw
18:26 Gold Mining
23:54 Imperial Age
35:55 Conscription
42:50 Pikeman
The Outpost Man
7:01 Loom
10:05 Feudal Age
11:11 Double-Bit Axe
11:08 Horse Collar
23:10 Castle Age
21:42 Gold Mining
21:44 Stone Mining
24:59 Wheelbarrow
24:38 Bow Saw
24:34 Heavy Plow
27:23 Hand Cart
35:21 Imperial Age
33:56 Forging
33:47 Scale Mail Armor
35:41 Ironclad
35:57 Iron Casting
35:38 Chain Mail Armor
37:18 Chemistry
36:40 Ballistics
37:56 Crenellations
38:16 Conscription
37:47 Fletching
38:29 Bodkin Arrow
40:06 Blast Furnace
42:26 Elite Skirmisher
43:08 Padded Archer Armor
43:39 Plate Mail Armor
thomaskuro
10:37 Feudal Age
13:42 Castle Age
11:59 Double-Bit Axe
12:03 Horse Collar
15:04 Bow Saw
18:22 Gold Mining
20:20 Scale Barding Armor
23:42 Heavy Plow
24:30 Wheelbarrow
26:29 Bloodlines
26:19 Husbandry
29:08 Hand Cart
28:39 Loom
29:15 Forging
33:18 Imperial Age
32:02 Chain Barding Armor
32:49 Town Watch
34:15 Stone Mining
35:00 Gold Shaft Mining
34:53 Ballistics
34:44 Masonry
36:26 Stone Shaft Mining
37:05 Chemistry
37:24 Architecture
38:07 Plate Barding Armor
38:07 Iron Casting
37:23 Fletching
38:15 Conscription
39:23 Tusk Swords
42:12 Hoardings
42:49 Blast Furnace
41:45 Bodkin Arrow
42:40 Elite Battle Elephant
43:47 Town Patrol
43:26 Light Cavalry
43:28 Elite Ballista Elephant
SamTheSlayer
11:22 Loom
13:07 Feudal Age
14:45 Double-Bit Axe
17:20 Castle Age
16:07 Horse Collar
17:18 Fletching
20:52 Heavy Plow
23:33 Town Watch
25:00 Bow Saw
25:43 Bodkin Arrow
26:13 Padded Archer Armor
27:52 Leather Archer Armor
27:16 Crossbowman
28:22 Thumb Ring
29:40 Wheelbarrow
36:18 Imperial Age
34:09 Ballistics
37:33 Arbalester
41:45 Two-Man Saw
42:32 Chemistry
太原老登
11:24 Feudal Age
15:37 Castle Age
15:45 Double-Bit Axe
23:12 Husbandry
23:06 Light Cavalry
25:22 Stone Mining
26:10 Wheelbarrow
27:47 Hand Cart
27:19 Loom
32:00 Imperial Age
29:59 Forging
29:56 Scale Barding Armor
30:07 Fortified Wall
30:20 Town Watch
31:37 Town Patrol
32:18 Chain Barding Armor
32:34 Iron Casting
32:01 Cavalier
33:04 Conscription
33:00 Chivalry
33:18 Paladin
35:19 Bow Saw
35:56 Gold Mining
37:13 Plate Barding Armor
37:47 Blast Furnace
39:40 Fletching
40:01 Siege Engineers
41:00 Chemistry
40:11 Masonry
42:21 Ballistics
42:15 Masonry
42:54 Gold Shaft Mining
Connection lost

Rejoining the realm…

Still unreachable

The connection could not be restored.

Session expired

The server has moved on; the page needs a fresh start.